 Dungeon Crawl Stone Soup version 0.22.1-1-ga44c0e5 (webtiles) character file.

78 dohliylev the Sneak (level 4, 0/30 HPs)
             Began as a Vampire Enchanter on Oct 25, 2018.
             Succumbed to an adder's poison
             ... on level 3 of the Dungeon.
             The game lasted 00:05:32 (1505 turns).

dohliylev the Sneak (Vampire Enchanter)             Turns: 1505, Time: 00:05:33

Health: 0/30       AC:  2    Str:  7    XL:     4   Next: 15%
Magic:  1/7        EV: 12    Int: 18    God:
Gold:   66         SH:  3    Dex: 14    Spells: 1/7 levels left

rFire    x x .     SeeInvis +   a - +1 dagger
rCold    + + .     Gourm    .   f - +0 buckler (curse)
rNeg     + . .     Faith    .   b - +0 robe
rPois    .         Spirit   .   (no helmet)
rElec    .         Reflect  .   (no cloak)
rCorr    .         Harm     .   (no gloves)
MR       .....                  (no boots)
Stlth    ++++......             (no amulet)
HPRegen  0.10/turn              c - ring of ice
MPRegen  0.10/turn              e - ring of ice

@: lethally poisoned (0 -> -2)
A: fangs 3, see invisible, unbreathing
a: Bat Form


You were on level 3 of the Dungeon.
You were not thirsty.

You visited 1 branch of the dungeon, and saw 4 of its levels.

You collected 66 gold pieces.

Inventory:

Hand Weapons
 a - a +1 dagger (weapon)
Armour
 b - a +0 robe (worn)
 f - a cursed +0 buckler (worn)
Jewellery
 c - a ring of ice (left hand)
 e - a ring of ice (right hand)
Wands
 n - a wand of flame (24)
Scrolls
 g - a scroll of immolation {unknown}
 h - 2 scrolls of fog {unknown}
 i - 2 scrolls of identify {unknown}
 j - a scroll of teleportation {unknown}
 l - a scroll of blinking {unknown}
 m - a scroll of remove curse {unknown}
Potions
 d - 7 potions of blood


   Skills:
 - Level 1.1 Short Blades
 - Level 2.2 Dodging
 + Level 7.6 Stealth
 - Level 2.0 Spellcasting
 - Level 4.4 Hexes
 - Level 0.1 Ice Magic


You had one spell level left.
You knew the following spells:

 Your Spells              Type           Power        Failure   Level  Hunger
a - Corona                Hex            ###....      4%          1    #......
b - Ensorcelled Hibernat  Hex/Ice        ###...       17%         2    ###....
c - Confuse               Hex            ###.....     14%         3    ###....

Your spell library contained the following spells:

 Spells                   Type           Power        Failure   Level  Hunger
 Tukima's Dance           Hex            ###.....     14%         3    ###....
 Dazzling Spray           Conj/Hex       #.....       34%         3    ###....


Dungeon Overview and Level Annotations

Branches:
Dungeon (4/15)
 Temple: D:4-7

Altars:
Xom


Innate Abilities, Weirdness & Mutations

You have razor-sharp teeth.
You have supernaturally acute eyesight. (SInv)
You can survive without breathing.


Message History

You feel sick.
Your magical contamination has completely faded away.
You feel sick.
You feel sick.
Casting: Ensorcelled Hibernation (safe; 17% risk of failure)
Confirm with . or Enter, or press ? or * to list all spells.
You don't have enough magic to cast that spell.
Unknown command.
Casting: Ensorcelled Hibernation (safe; 17% risk of failure)
Confirm with . or Enter, or press ? or * to list all spells.
Aiming: Ensorcelled Hibernation (safe; 17% risk of failure)
Press: ? - help, Shift-Dir - straight line, f - hobgoblin
Aim: a hobgoblin, wielding a club (lightly wounded, chance to defeat MR: 69%)
You feel a strong surge of power!
The hobgoblin struggles to resist.
The hobgoblin hits you with a club!
* * * LOW HITPOINT WARNING * * *
* * * LOW HITPOINT WARNING * * *
You feel sick.
Yummy - fresh blood!
You die...

≈.≈###≈.§###≈§#
≈≈≈≈.§§≈≈≈.≈§≈≈≈.#
....§§........§§.#
≈≈≈.≈≈≈≈≈.≈≈≈§≈.#
#≈.≈###≈.≈###§.#
#≈.≈# #≈.≈# #≈†#
≈###≈.≈###≈.≈###≈.#
≈≈§≈≈.≈≈≈≈≈.≈≈≈§≈.#
§...........§..g@.##
≈≈≈≈≈.≈≈≈≈≈.§§≈≈≈..#
§###≈.§###§.≈###≈..#
#≈.≈# #≈.§# #§..#
#§.§###§.§###§..#
§≈≈.≈§≈≈§.≈≈≈§§..#
§............§§§§.#
≈§≈≈.≈≈≈§§§§§≈≈≈..#
≈.≈###§.≈###≈.†#


You could see a hobgoblin.

Vanquished Creatures
  An iguana (D:4)
  An adder (D:3)
  3 worms
  2 leopard geckos (D:2)
  An orc (D:3)
  5 bats (D:2)
  4 giant cockroaches
  6 goblins
  A hobgoblin (D:2)
  A ball python (D:2)
  A frilled lizard (D:2)
  2 kobolds (D:2)
  2 rats
  A butterfly (D:3)
31 creatures vanquished.

Notes
Turn   | Place    | Note
-------+----------+-------------------------------------------
     0 | D:1      | dohliylev the Vampire Enchanter began the quest for the
                  | Orb.
     0 | D:1      | Reached XP level 1. HP: 13/13 MP: 3/3
   719 | D:2      | Reached skill level 5 in Stealth
   726 | D:2      | Reached XP level 2. HP: 14/19 MP: 1/5
   730 | D:2      | Learned a level 2 spell: Ensorcelled Hibernation
  1003 | D:2      | Reached skill level 6 in Stealth
  1217 | D:2      | Reached XP level 3. HP: 16/24 MP: 3/6
  1222 | D:2      | Learned a level 3 spell: Confuse
  1300 | D:2      | You fall through a shaft for 2 floors!
  1303 | D:4      | Reached skill level 7 in Stealth
  1333 | D:3      | Found a shimmering altar of Xom.
  1439 | D:3      | Reached XP level 4. HP: 30/30 MP: 7/7
  1501 | D:3      | HP: 1/30 [poisoned by an adder]
  1505 | D:3      | Succumbed to an adder's poison

Skill      XL: |  1  2  3 |
---------------+----------+-----
Stealth        | 5 6 7 |  7.6
Short Blades   | |  1.1
Dodging        | |  2.2
Spellcasting   | |  2.0
Hexes          | |  4.4
Ice Magic      | |  0.1

Action                   |  1- 3 |  4- 6 || total
-------------------------+-------+-------++-------
Melee: Dagger            |    82 |    12 ||    94
       Bite              |     2 |       ||     2
 Cast: Corona            |     2 |       ||     2
       Ensorcelled Hiber |     9 |     4 ||    13
  Use: Potion            |       |     2 ||     2
 Stab: Sleeping          |    15 |     1 ||    16
  Eat: Corpse            |     4 |       ||     4
Armor: Robe              |    14 |     2 ||    16
Dodge: Dodged            |    39 |    10 ||    49
Block: Buckler           |     6 |     2 ||     8
